 Dungeon Crawl Stone Soup version 0.31-a0-321-g19405a7a6a (webtiles) character file.

Game seed: 17055557007113139760

79 PimpSugar the Magician (level 4, -1/32 HPs)
             Began as a Demonspawn Hedge Wizard on July 17, 2023.
             Slain by a goblin
             ... wielding a +0 club
              (3 damage)
             ... on level 3 of the Dungeon.
             The game lasted 00:08:29 (3156 turns).

PimpSugar the Magician (Demonspawn Hedge Wizard)    Turns: 3156, Time: 00:08:31

Health: -1/32      AC:  3    Str: 11    XL:     4   Next: 17%
Magic:  4/9        EV: 12    Int: 19    God:
Gold:   102        SH:  0    Dex: 12    Spells: 3/9 levels left

rFire   . . .        d - staff of cold
rCold   + + .        (no shield)
rNeg    . . .        b - +0 robe
rPois   .            h - +0 helmet
rElec   .            (no cloak)
rCorr   .            (no gloves)
SInv    .            (no boots)
Will    .....        (no amulet)
Stlth   ++           j - ring of ice
HPRegen 0.25/turn    p - ring of protection from fire
MPRegen 0.11/turn

%: no passive effects
@: lethally poisoned (-1 -> -8), on blink cooldown
A: big brain 1
a: no special abilities


You were on level 3 of the Dungeon.
You visited 1 branch of the dungeon, and saw 3 of its levels.

You collected 102 gold pieces.

Inventory:

Hand Weapons
 a - a +0 dagger
 q - a +0 lajatang
Missiles
 g - 27 stones
Armour
 b - a +0 robe (worn)
 c - a +0 hat
 h - a +0 helmet (worn)
Magical Staves
 d - a staff of cold (weapon)
Jewellery
 j - a ring of ice (left hand)
 p - a ring of protection from fire (right hand)
 r - a ring of positive energy
Scrolls
 f - 2 scrolls of teleportation {unknown}
 i - a scroll of enchant weapon {unknown}
 l - a scroll of summoning {unknown}
Potions
 e - a potion of heal wounds {unknown}
 k - a potion of lignification
 m - a potion of haste {unknown}
 n - a potion of curing {unknown}
 o - a potion of enlightenment {unknown}


   Skills:
 + Level 1.0 Fighting
 + Level 0.2 Staves
 + Level 2.2 Dodging
 + Level 2.0 Stealth
 * Level 3.4 Spellcasting
 * Level 2.1 Conjurations
 + Level 0.1 Hexes
 + Level 1.4 Summonings
 + Level 1.2 Translocations
 + Level 0.0 Ice Magic
 + Level 0.0 Evocations


You had 3 spell levels left.
You knew the following spells:

 Your Spells              Type           Power      Damage    Failure   Level
a - Magic Dart            Conj           44%        1d5       6%          1
b - Call Imp              Summ           16%        N/A       12%         2
d - Slow                  Hex            12%        N/A       14%         1
e - Blink                 Tloc           16%        N/A       13%         2

Your spell library contained the following spells:

 Spells                   Type           Power      Damage    Failure   Level
 Cigotuvi's Dreadful Rot  Necr/Pois/Air  6%         N/A       22%         2
 Mephitic Cloud           Conj/Pois/Air  5%         N/A       32%         3


Dungeon Overview and Level Annotations

Branches:
Dungeon (3/15)

Altars:

Shops:
D:1 (   D:2 *


Innate Abilities, Weirdness & Mutations

You have an unusually large brain. (Int +2)


Message History

The orc hits you with a +0 mace.
Casting: Call Imp (safe; 12% risk of failure)
Confirm with . or Enter, or press ? or * to list all spells.
You blink.
An orc and a goblin come into view.
The orc closely misses you.
Your cerulean imp closely misses the ball python.
Casting: Blink (safe; 13% risk of failure)
Confirm with . or Enter, or press ? or * to list all spells.
You are still too unstable to blink.
Casting: Blink (safe; 13% risk of failure)
Confirm with . or Enter, or press ? or * to list all spells.
Aiming: Slow (safe; 14% risk of failure)
Press: ? - help, Shift-Dir - straight line, f - orc priest
Aim: an orc priest, wielding a +0 dagger of venom (chance to affect: 36%)
The orc priest easily resists.
The orc hits you with a +0 trident. The orc hits you but does no damage.
You hit the orc priest.
The orc priest is lightly wounded.
The orc hits you but does no damage. x2; The orc priest barely misses you.
The orc hits you with a +0 short sword. The goblin misses you.
The orc priest invokes the aid of Beogh against you.
Pain shoots through your body!
Casting: Slow (safe; 14% risk of failure)
Confirm with . or Enter, or press ? or * to list all spells.
You are still too unstable to blink.
The goblin attacks as you move away! The goblin closely misses you.
Your cerulean imp misses the jackal.
The orc priest hits you with a +0 dagger of venom.
You are lethally poisoned!
The orc hits you with a +0 short sword.
* * * LOW HITPOINT WARNING * * *
The goblin attacks as you move away! The goblin closely misses you.
* * * LOW HITPOINT WARNING * * *
You feel very sick.
Your cerulean imp hits the jackal but does no damage.
The orc hits you with a +0 short sword.
* * * LOW HITPOINT WARNING * * *
The goblin hits you with a +0 club.
You die...

## .## ..
#.###########
#...........#
#..........#
#..oh......#
.######goo...5...#
.......@go.h.....#
########o.S......#
#.........#
#.........#
#.........#
#.........#
###########


You could see an orc priest, 4 orcs, 2 jackals, 2 goblins, a ball python and a
friendly cerulean imp (summoned).

Vanquished Creatures
  2 adders (D:2)
  2 dart slugs
  2 bats (D:1)
  5 endoplasms (D:2)
  4 giant cockroaches (D:2)
  2 goblins
  4 hobgoblins
  A jackal (D:1)
  3 kobolds
  A quokka (D:1)
  4 ball pythons
  5 rats
35 creatures vanquished.

Vanquished Creatures (collateral kills)
  A gnoll (D:2)
  A bat (D:2)
  A hobgoblin (D:1)
  3 jackals (D:1)
  A ball python (D:1)
  2 kobolds (D:2)
9 creatures vanquished.

Grand Total: 44 creatures vanquished

Notes
Turn   | Place    | Note
-------+----------+-------------------------------------------
     0 | D:1      | PimpSugar the Demonspawn Hedge Wizard began the quest for
                  | the Orb.
     0 | D:1      | Reached XP level 1. HP: 13/13 MP: 4/4
   187 | D:1      | Reached skill level 1 in Translocations
   323 | D:1      | Gained mutation: You have an unusually large brain. (Int
                  | +2) [demonic ancestry]
   323 | D:1      | Reached XP level 2. HP: 20/20 MP: 4/6
   363 | D:1      | Learned a level 2 spell: Call Imp
   366 | D:1      | Learned a level 2 spell: Blink
   368 | D:1      | Learned a level 1 spell: Slow
   490 | D:1      | Found Ukhlauxzu's Weapon Boutique.
  1279 | D:2      | Reached XP level 3. HP: 22/25 MP: 3/7
  1329 | D:2      | Found Soichoku's Assorted Antiques.
  1612 | D:2      | Found a faded altar of an unknown god.
  1842 | D:2      | Reached skill level 1 in Fighting
  1842 | D:2      | Reached XP level 4. HP: 9/32 MP: 5/9
  3156 | D:3      | Slain by a goblin

Illustrated notes

Levels and vault maps discovered:
D:1:      spicycebolla_green_bress_n_ham, layout_basic, serial_shops,
          nicolae_shop_statue_plus
D:2:      layout_basic, basic_ecumenical_altar, serial_shops,
          nicolae_shop_statue_plus, st_stairs_4, minmay_hexomino_r4
D:3:      layout_rooms, serial_glass, glass_columns_c, glass_columns_b

Skill      XL: |  1  2  3 |
---------------+----------+-----
Translocations | 1 |  1.2
Stealth        | 2 |  2.0
Dodging        | 2 |  2.2
Conjurations   | 2 |  2.1
Fighting       | 1 |  1.0
Staves         | |  0.2
Spellcasting   | |  3.4
Hexes          | |  0.1
Summonings     | |  1.4

Action                     |  1- 3 |  4- 6 || total
---------------------------+-------+-------++-------
  Melee: Dagger            |    34 |       ||    34
         Punch             |     1 |       ||     1
         Staff             |    23 |    28 ||    51
   Cast: Magic Dart        |    54 |     3 ||    57
         Call Imp          |     8 |     2 ||    10
         Slow              |       |     1 ||     1
         Blink             |       |     1 ||     1
    Use: Scroll            |     1 |       ||     1
         Potion            |     2 |       ||     2
   Stab: Distracted        |     1 |       ||     1
 Armour: Robe              |    23 |     8 ||    31
         Skin              |     7 |       ||     7
  Dodge: Dodged            |    65 |    22 ||    87

Table legend: (Time is in decaauts)
 A = Elapsed time spent in this place.
 B = Non-inter-level travel time spent in this place.
 C = Inter-level travel time spent in this place.
 D = Time resting spent in this place.
 E = Time spent auto-exploring this place.
 F = Levels seen in this place.
 G = Mean time per level.
                   A        B        C        D        E       F      G
               +--------+--------+--------+--------+--------+-----+--------+
         Total |   3164 |   2573 |    591 |    219 |   1760 |   3 | 1054.7 |
       Dungeon |   3164 |   2573 |    591 |    219 |   1760 |   3 | 1054.7 |
               +--------+--------+--------+--------+--------+-----+--------+

Top non-repeatable levels by time:
     D:2: 1905 daAuts
     D:1: 1251 daAuts
     D:3: 7 daAuts
